 Dungeon Crawl Stone Soup version 0.30-a0-956-gcec3b41aec (webtiles) character file.

Game seed: 6725891753104181161

6720 ragingrage the Slicer (level 11, -2/71 (72) HPs)
             Began as an Octopode Warper on Mar 29, 2023.
             Was an Initiate of Gozag.
             Slain by a wraith (9 damage)
             ... on level 9 of the Dungeon.
             The game lasted 00:19:59 (12369 turns).

ragingrage the Slicer (Octopode Warper)            Turns: 12369, Time: 00:20:00

HP:   -2/71 (72)    AC:  5    Str: 12    XL:     11   Next: 4%
MP:   17/17         EV: 13    Int: 17    God:    Gozag
Gold: 412           SH:  4    Dex: 13    Spells: 9/18 levels left

rFire   . . .      SeeInvis +    a - +0 scimitar
rCold   . . .      Faith    .    q - +0 buckler
rNeg    + . .      Spirit   .    (helmet restricted)
rPois   .          Reflect  .    (no amulet)
rElec   .          Rampage  .    p - ring of see invisible
rCorr   .                        d - +4 ring of protection
Will    .....                    M - ring of flight
Stlth   ++++                     t - ring of positive energy
HPRegen 0.31/turn                (no ring)
MPRegen 0.15/turn                (no ring)
                                 (no ring)
                                 (no ring)

@: flying, slowed, lightly drained, very slow
A: almost no armour, amphibious, 8 rings, camouflage 1, gelatinous body 1,
(nimble swimmer 1), tentacles
a: Renounce Religion, Potion Petition, Call Merchant, Bribe Branch


You were on level 9 of the Dungeon.
You worshipped Gozag.
Gozag was aware of your devotion.
You visited 2 branches of the dungeon, and saw 10 of its levels.

You collected 842 gold pieces.
You spent 260 gold pieces at shops.
You paid 170 gold pieces to Gozag.

Inventory:

Hand Weapons
 a - a +0 scimitar (weapon)
 b - a +1 dagger of venom
 k - a +1 rapier of flaming
 J - a +0 sling
Missiles
 c - 7 boomerangs of dispersal
 l - 3 throwing nets
 B - 10 poisoned darts
 F - 10 boomerangs
Armour
 q - a +0 buckler (worn)
Jewellery
 d - a +4 ring of protection (right tentacle)
 p - a ring of see invisible (left tentacle)
 t - a ring of positive energy (on tentacle)
 M - a ring of flight (on tentacle)
Wands
 e - a wand of mindburst (12)
 y - a wand of digging (2)
 z - a wand of iceblast (8)
 K - a wand of flame (16)
Scrolls
 f - a scroll of butterflies {unknown}
 i - 2 scrolls of blinking
 j - 2 scrolls of torment
 m - a scroll of enchant armour {unknown}
 r - 2 scrolls of magic mapping
 s - a scroll of amnesia {unknown}
 v - a scroll of immolation {unknown}
 D - 3 scrolls of fog
 E - 2 scrolls of fear
 G - a scroll of vulnerability
 N - a scroll of poison
Potions
 g - 3 potions of flight
 h - 2 potions of mutation
 n - a potion of berserk rage
 o - a potion of resistance {unknown}
 u - 2 potions of cancellation
 w - a potion of haste {unknown}
 x - a potion of attraction {unknown}
 A - a potion of lignification {unknown}
 C - a potion of magic {unknown}
 I - a potion of degeneration {unknown}
 L - a potion of might {unknown}


   Skills:
 + Level 5.6 Fighting
 - Level 8.9(10.0) Short Blades
 - Level 7.0(9.1) Long Blades
 - Level 1.0 Throwing
 + Level 3.5 Dodging
 - Level 6.0 Stealth
 - Level 2.0 Shields
 - Level 4.0 Spellcasting
 - Level 5.0 Conjurations
 - Level 4.0 Translocations
 - Level 3.0 Air Magic
 + Level 6.0 Poison Magic
 + Level 1.2 Evocations


You had 9 spell levels left.
You knew the following spells:

 Your Spells              Type           Power      Damage    Failure   Level
a - Blink                 Tloc           34%        N/A       6%          2
b - Lesser Beckoning      Tloc           34%        N/A       6%          2
c - Poisonous Vapours     Pois/Air       36%        N/A       4%          2
d - Mephitic Cloud        Conj/Pois/Air  19%        N/A       10%         3

Your spell library contained the following spells:

 Spells                   Type           Power      Damage    Failure   Level
 Magic Dart               Conj           80%        1d7       2%          1
 Sting                    Tmut/Pois      52%        1d5       6%          1
 Teleport Other           Tloc           17%        N/A       12%         3
 Vhi's Electric Charge    Tloc/Air       30%        N/A       14%         3
 Olgreb's Toxic Radiance  Pois           23%        N/A       17%         4
 Spider Form              Tmut/Pois      13%        N/A       19%         3
 Summon Small Mammal      Summ           12%        N/A       21%         1
 Call Imp                 Summ           3%         N/A       30%         2
 Ensorcelled Hibernation  Hex/Ice        6%         N/A       30%         2
 Manifold Assault         Tloc           17%        N/A       36%         4
 Call Canine Familiar     Summ           3%         N/A       52%         3
 Inner Flame              Hex/Fire       3%         N/A       52%         3
 Summon Guardian Golem    Hex/Summ       3%         N/A       52%         3
 Flame Wave               Conj/Fire      11%        2d6       58%         4
 Sticky Flame             Conj/Fire      11%        2d3       58%         4
 Anguish                  Hex/Necr       1%         N/A       90%         4
 Cause Fear               Hex            1%         N/A       90%         4
 Dragon Form              Tmut           1%         N/A       100%        7
 Dragon's Call            Summ           1%         N/A       100%        9


Dungeon Overview and Level Annotations

Branches:
Dungeon (9/15)             Temple (1/1) D:6
   Lair: D:8-11         Orc: D:9-12

Altars:
Ashenzari
Cheibriados
Dithmenos
Elyvilon
Fedhas
Gozag
Kikubaaqudgha
Makhleb
Okawaru
Qazlal
Ru
Sif Muna
Trog
Uskayaw
Vehumet
Wu Jian
Yredelemnul
Zin

Shops:
D:3 [   D:4 :   D:6 !   D:7 !

Annotations:
D:2 Sigmund
D:3 Dig
D:4 2 transporters, Edmund; sugarbear's ghost, amateur VSGl
D:5 2 transporters
D:6 exclusions: 2 orcs, orc priest and orc warrior


Innate Abilities, Weirdness & Mutations

You cannot wear most types of armour.
You are amphibious.
You can wear up to eight rings at the same time.
Your skin changes colour to match your surroundings (Stealth+).
Your rubbery body absorbs attacks. (AC +1, EV +1)
((You are camouflaged when in or above water. (Stealth+)))
You have tentacles for arms and can constrict up to eight enemies at once.


Message History

You hit the wraith. You block the wraith's attack.
You hit the wraith but do no damage. You block the wraith's attack.
You hit the wraith but do no damage. The wraith misses you.
You hit the wraith but do no damage. Your squeeze misses the wraith.
The wraith closely misses you.
You hit the wraith.
You squeeze the wraith, but do no damage.
The wraith misses you.
You barely miss the wraith. The wraith hits you! The wraith drains your vigour!
You feel yourself slow down.
You hit the wraith but do no damage. You squeeze the wraith.
The wraith hits you. The wraith drains your vigour!
You feel as though you will be slow longer.
You closely miss the wraith. You block the wraith's attack.
The wraith barely misses you.
You hit the wraith. The wraith closely misses you.
You closely miss the wraith. You squeeze the wraith. The wraith hits you!
The wraith drains your vigour!
You feel as though you will be slow longer.
The wraith hits you! The wraith drains your vigour!
You feel as though you will be slow longer.
You are too injured to fight recklessly!
You hit the wraith. The wraith hits you!
You are too injured to fight recklessly!
You hit the wraith. You block the wraith's attack. The wraith hits you!
* * * LOW HITPOINT WARNING * * *
The wraith drains your vigour!
You feel as though you will be slow longer.
You are too injured to fight recklessly!
You closely miss the wraith. The wraith hits you.
* * * LOW HITPOINT WARNING * * *
You closely miss the wraith. Your squeeze misses the wraith.
The wraith barely misses you.
You hit the wraith. The wraith hits you!
* * * LOW HITPOINT WARNING * * *
The wraith drains your vigour!
You feel as though you will be slow longer.
The wraith hits you!
You die...
Your body crumbles into a pile of gold.

#.....'...#..............
#...>.#...#...(#######...
####...##...#....##...##...
#......##...##...##........
##..........##...##........
#..........#...........W..
#..........#..............
#..........#..............
#######...##.@W##...###..####.
##...###...##...########..####'
#......................>....'o.
#................)..........#..
#..........)..)...<....)....#..
##....##...##.####..####....##.
#######...##.####..####....##.
#.............#.......##.
#.............#.......##.


You could see a wraith.

Vanquished Creatures
  3 two-headed ogres
  A boulder beetle (D:8)
  A hornet (D:9)
  Prince Ribbit (D:5)
  2 wyverns (D:9)
  2 water moccasins
  2 orc warriors
  An ice beast (D:7)
  A black bear (D:7)
  2 ogres
  2 sky beasts (D:7)
  4 centaurs
  2 phantoms (D:5)
  A gnoll sergeant (D:6)
  7 bullfrogs
  3 scorpions
  8 wights
  4 killer bees (D:8)
  A howler monkey (D:5)
  6 hounds
  2 gnoll boudas
  2 jellies
  5 orc priests
  2 sleepcaps
  An iguana (D:6)
  9 orc wizards
  7 gnolls
  4 adders
  3 shadow imps
  3 white imps
  An ufetubus (D:6)
  A worm (D:4)
  33 orcs
  9 ball pythons
  4 bats
  5 endoplasms
  4 giant cockroaches
  10 hobgoblins
  4 quokkas
  2 frilled lizards (D:2)
  8 kobolds
  5 rats
178 creatures vanquished.

Vanquished Creatures (collateral kills)
  An orc priest (D:8)
1 creature vanquished.

Vanquished Creatures (others)
  2 plants (D:6)
2 creatures vanquished.

Grand Total: 181 creatures vanquished

Notes
Turn   | Place    | Note
-------+----------+-------------------------------------------
     0 | D:1      | ragingrage the Octopode Warper began the quest for the Orb.
     0 | D:1      | Reached XP level 1. HP: 14/14 MP: 3/3
   136 | D:1      | Reached skill level 1 in Stealth
   174 | D:1      | Reached XP level 2. HP: 18/19 MP: 5/5
   906 | D:2      | Noticed Sigmund
  1133 | D:2      | Reached XP level 3. HP: 24/24 MP: 6/6
  1141 | D:2      | Found a glowing silver altar of Zin.
  1150 | D:2      | Learned a level 2 spell: Blink
  1163 | D:2      | Learned a level 2 spell: Lesser Beckoning
  2200 | D:3      | Reached skill level 1 in Shields
  2200 | D:3      | Reached XP level 4. HP: 15/29 MP: 7/7
  2279 | D:3      | Found a faded altar of an unknown god.
  2354 | D:3      | Found Quaseow's Antique Armour Boutique.
  2541 | D:4      | Found a transporter.
  2693 | D:4      | Noticed Edmund
  2711 | D:4      | Noticed sugarbear's ghost (amateur VSGl)
  2766 | D:4      | Noticed a scorpion
  2847 | D:4      | Reached XP level 5. HP: 21/34 MP: 8/8
  3070 | D:4      | Found Oris's Book Emporium.
  3274 | D:4      | Reached skill level 5 in Long Blades
  3274 | D:4      | Reached XP level 6. HP: 19/39 MP: 9/9
  3710 | D:4      | Found a transporter.
  3831 | D:4      | Bought a Young Poisoner's Handbook for 260 gold pieces
  3834 | D:4      | Learned a level 2 spell: Poisonous Vapours
  3838 | D:4      | Learned a level 3 spell: Mephitic Cloud
  3863 | D:5      | Entered Level 5 of the Dungeon
  3863 | D:5      | Noticed Prince Ribbit
  4206 | D:5      | Reached skill level 1 in Poison Magic
  4217 | D:5      | Reached skill level 1 in Air Magic
  4283 | D:5      | Found a transporter.
  4317 | D:5      | Noticed a hornet
  4347 | D:5      | Found a transporter.
  4578 | D:5      | Reached XP level 7. HP: 20/45 MP: 10/10
  5305 | D:5      | HP: 2/45 [gnoll/+0 halberd[a gnoll bouda] (7)]
  5706 | D:5      | Killed Prince Ribbit
  5707 | D:5      | Reached XP level 8. HP: 9/50 MP: 11/11
  5956 | D:5      | Found an ornate altar of the Wu Jian Council.
  6179 | D:6      | Found Coydaoss's Distillery.
  6414 | D:6      | Reached skill level 5 in Poison Magic
  6744 | D:5      | Reached skill level 1 in Short Blades
  7003 | D:6      | Found a staircase to the Ecumenical Temple.
  7014 | Temple   | Entered the Ecumenical Temple
  7014 | Temple   | Found a transporter.
  7014 | Temple   | Found a transporter.
  7016 | Temple   | Found a transporter.
  7016 | Temple   | Found a transporter.
  7413 | D:6      | Reached skill level 2 in Short Blades
  7413 | D:6      | Reached skill level 1 in Conjurations
  7728 | D:7      | Reached XP level 9. HP: 53/54 MP: 2/13
  7736 | D:7      | Reached skill level 3 in Short Blades
  7937 | D:7      | Identified the +1 leather armour "Donao" {Harm}
  8258 | D:7      | Reached skill level 4 in Short Blades
  8503 | D:7      | Reached skill level 5 in Short Blades
  8755 | D:7      | Found Yschi Asu's Distillery.
  8842 | Temple   | Became a worshipper of Gozag Ym Sagoz the Greedy
  9615 | D:8      | Noticed a boulder beetle
  9771 | D:8      | Noticed a two-headed ogre
  9812 | D:8      | Identified the +0 scale mail "Ibaepe" {SInv}
  9816 | D:8      | Killed a two-headed ogre
  9817 | D:8      | Reached skill level 6 in Short Blades
  9817 | D:8      | Reached XP level 10. HP: 32/60 MP: 2/16
 10118 | D:8      | Noticed a cyclops
 10255 | D:8      | Noticed a centaur warrior
 10408 | D:9      | Noticed a two-headed ogre
 10430 | D:8      | Reached skill level 5 in Conjurations
 10754 | D:8      | Reached skill level 7 in Short Blades
 10843 | D:8      | Killed a boulder beetle
 10844 | D:8      | Reached skill level 8 in Short Blades
 10982 | D:8      | Noticed a two-headed ogre
 11072 | D:8      | Killed a two-headed ogre
 11314 | D:9      | Killed a two-headed ogre
 11467 | D:9      | Reached skill level 5 in Fighting
 11685 | D:9      | Identified the +5 mace "Pouvoas" {heavy, Str+2}
 12058 | D:9      | Reached XP level 11. HP: 67/70 MP: 17/17
 12167 | D:9      | Reached skill level 1 in Evocations
 12196 | D:9      | Identified the +6 long sword of Zin {heavy, rF+}
 12369 | D:9      | Slain by a wraith

Illustrated notes

Levels and vault maps discovered:
D:1:      nagdon_arrival_zigzag_paths, layout_loops_ring
D:2:      layout_loops_corners, basic_altar, uniq_sigmund
D:3:      layout_rooms, shapermc_ecumenical_altar_mp_vishouse, serial_shops,
          shop, minmay_surrounded
D:4:      layout_basic, lemuel_coloured_pillars_altar, serial_shops, shop,
          gammafunk_ghost_mausoleum, uniq_edmund
D:5:      layout_basic, nzn_wu_jian_council_hall, gammafunk_ghost_hive,
          serial_glass, glass_columns_a, glass_columns_b, glass_columns_c,
          glass_columns_a, uniq_prince_ribbit1
D:6:      layout_basic, minmay_temple_entry_overgrown, serial_shops,
          nicolae_shop_hallway_plus
D:7:      layout_cave_pools, serial_shops, shop
D:8:      layout_loops_ring, minmay_pinched_square
D:9:      layout_gridville, enter_bailey_4, nicolae_shop_fire_sale
          [nicolae_sub_dead_trees]
Temple:   hellmonk_temple_divided_pantheon

Skill      XL: |  1  2  3  4  5  6  7  8  9 10 11 |
---------------+----------------------------------+-----
Stealth        | 1 2 3 6 |  6.0
Long Blades    | 3 5 6 7 |  7.0
Shields        | 1 2 |  2.0
Poison Magic   | 2 4 6 |  6.0
Air Magic      | 1 3 |  3.0
Translocations | 4 |  4.0
Short Blades   | 2 6 8 |  8.9
Conjurations   | 2 4 5 |  5.0
Spellcasting   | 4 |  4.0
Fighting       | 5 |  5.6
Dodging        | 3 |  3.5
Evocations     | 1 |  1.2
Throwing       | |  1.0

Action                     |  1- 3 |  4- 6 |  7- 9 | 10-12 || total
---------------------------+-------+-------+-------+-------++-------
  Melee: Falchion          |    60 |   103 |    71 |       ||   234
         Constrict         |    12 |    26 |    32 |    13 ||    83
         Tentacles         |     9 |    22 |    39 |    20 ||    90
         Punch             |     1 |     2 |       |     1 ||     4
         Dagger            |       |       |     1 |     8 ||     9
         Rapier            |       |       |    75 |    39 ||   114
         Scimitar          |       |       |       |    40 ||    40
   Fire: Sling             |    25 |    27 |     9 |       ||    61
  Throw: Stone             |    10 |       |       |       ||    10
         Dart              |       |       |     1 |       ||     1
   Cast: Poisonous Vapours |       |       |    96 |    67 ||   163
         Mephitic Cloud    |       |       |    13 |     8 ||    21
         Lesser Beckoning  |       |       |     1 |       ||     1
         Blink             |       |       |       |     5 ||     5
  Evoke: Wand              |       |     3 |     4 |    13 ||    20
    Use: Scroll            |     4 |     5 |     3 |     4 ||    16
         Potion            |       |       |     2 |     6 ||     8
   Stab: Sleeping          |     5 |     6 |     5 |       ||    16
         Confused          |       |       |     3 |     3 ||     6
         Distracted        |       |       |       |     4 ||     4
 Armour: Skin              |     5 |     4 |    16 |    12 ||    37
  Dodge: Dodged            |    44 |    59 |   102 |    75 ||   280
  Block: Buckler           |     2 |    16 |    22 |    18 ||    58

Table legend: (Time is in decaauts)
 A = Elapsed time spent in this place.
 B = Non-inter-level travel time spent in this place.
 C = Inter-level travel time spent in this place.
 D = Time resting spent in this place.
 E = Time spent auto-exploring this place.
 F = Levels seen in this place.
 G = Mean time per level.
                   A        B        C        D        E       F      G
               +--------+--------+--------+--------+--------+-----+--------+
         Total |  12400 |  11834 |    566 |   4478 |   4944 |  10 | 1240.0 |
       Dungeon |  12327 |  11800 |    527 |   4478 |   4938 |   9 | 1369.7 |
        Temple |     72 |     34 |     38 |      0 |      6 |   1 |   72.0 |
               +--------+--------+--------+--------+--------+-----+--------+

Top non-repeatable levels by time:
     D:8: 2129 daAuts
     D:6: 1934 daAuts
     D:5: 1934 daAuts
     D:4: 1690 daAuts
     D:9: 1186 daAuts
     D:2: 1144 daAuts
     D:7: 980 daAuts
     D:1: 744 daAuts
     D:3: 584 daAuts
  Temple: 72 daAuts
